 Dungeon Crawl Stone Soup version 0.29.0-4-gdea44cf6ec (webtiles) character file.

Game seed: 2540511342035014027

92 sking99 the Trooper (level 4, 0/40 HPs)
             Began as a Draconian Fighter on Aug 26, 2022.
             Was an Initiate of Trog.
             Slain by an orc wizard
             ... wielding a +0 dagger
              (3 damage)
             ... on level 3 of the Dungeon.
             The game lasted 00:05:05 (3653 turns).

sking99 the Trooper (Draconian Fighter)             Turns: 3653, Time: 00:05:05

Health: 0/40       AC:  5    Str: 21    XL:     4   Next: 35%
Magic:  4/4        EV: 12    Int:  8    God:    Trog [......]
Gold:   142        SH:  4    Dex: 10    Spells: 3/3 levels left

rFire   . . .      SeeInvis .   a - +0 long sword
rCold   . . .      Faith    .   b - +0 buckler
rNeg    . . .      Spirit   .   (body armour unavailable)
rPois   .          Reflect  .   (helmet restricted)
rElec   .          Harm     .   (no cloak)
rCorr   .          Rampage  .   (no gloves)
Will    .....                   (no boots)
Stlth   +.........              (no amulet)
HPRegen 0.13/turn               (no ring)
MPRegen 0.09/turn               (no ring)

@: no status effects
A: AC +5, unfitting armour, cold-blooded
a: Renounce Religion


You were on level 3 of the Dungeon.
You worshipped Trog.
Trog was noncommittal.
You visited 1 branch of the dungeon, and saw 3 of its levels.

You collected 166 gold pieces.
You spent 24 gold pieces at shops.

Inventory:

Hand Weapons
 a - a +0 long sword (weapon)
Armour
 b - a +0 buckler (worn)
Jewellery
 o - a +6 ring of dexterity
Wands
 n - a wand of flame (14)
Scrolls
 d - 3 scrolls of fear
 e - 2 scrolls of immolation {unknown}
 f - a scroll of poison {unknown}
 h - a scroll of amnesia {unknown}
 i - a scroll of magic mapping {unknown}
 l - a scroll of teleportation {unknown}
 p - a scroll of identify
 q - a scroll of vulnerability {unknown}
 r - a scroll of butterflies {unknown}
Potions
 c - a potion of might
 g - a potion of haste {unknown}
 j - a potion of brilliance
 k - 2 potions of heal wounds


   Skills:
 + Level 4.0 Fighting
 * Level 3.6 Long Blades
 - Level 2.6 Dodging
 + Level 3.6 Shields


You had 3 spell levels left.
You didn't know any spells.
Your spell library contained the following spells:

 Spells                   Type           Power      Damage    Failure   Level
 Gell's Gravitas          Tloc           0%         N/A       86%         3
 Lesser Beckoning         Tloc           0%         N/A       86%         3
 Teleport Other           Tloc           0%         N/A       86%         3


Dungeon Overview and Level Annotations

Branches:
Dungeon (3/15)

Altars:
Elyvilon
Fedhas
Trog

Shops:
D:2 ?


Innate Abilities, Weirdness & Mutations

Your plain brown scales are hard. (AC +5)
You cannot fit into any form of body armour.
You are cold-blooded and may be slowed by cold attacks.


Message History

You hear some strange, mumbled words.
A puff of flame appears from out of thin air!
The puff of flame misses you.
You're too confused to move!
You hear some strange, mumbled words.
You are more confused.
You're too confused to move!
Something hits you but does no damage.
You bump into the rock wall.
An orc wizard appears from thin air!
Reactivating autopickup.
The orc wizard hits you but does no damage.
You bump into the rock wall.
The orc wizard hits you but does no damage.
You bump into the rock wall.
The orc wizard hits you with a +0 dagger.
You bump into the rock wall.
The orc wizard completely misses you.
You bump into the rock wall.
The orc wizard hits you but does no damage.
You bump into the rock wall.
The orc wizard gestures at you while chanting.
The puff of flame hits you!
You bump into the rock wall.
The orc wizard hits you but does no damage.
You bump into the rock wall.
The orc wizard closely misses you.
You bump into the rock wall.
You feel less confused.
The orc wizard hits you with a +0 dagger.
* * * LOW HITPOINT WARNING * * *
You hit the orc wizard.
Your tail-slap misses the orc wizard.
The orc wizard is severely wounded.
The orc wizard hits you but does no damage.
You hit the orc wizard.
The orc wizard is almost dead.
The orc wizard casts a spell at you. The puff of flame hits you!
* * * LOW HITPOINT WARNING * * *
You barely miss the orc wizard.
The orc wizard is almost dead.
The orc wizard closely misses you.
The orc wizard hits you with a +0 dagger.
You die...

####... #. ....# #.....#
######§##.#.# #.....###
....§...^..#.#
#.......##.≈ ≈≈≈≈≈§§....
#.....#.#.. .§§.§.§....
##.........§§§§≈≈§§§§..##
#..........§§§≈.._≈.§.###
#.#.#.##§≈§≈.≈≈≈.≈..##
#...#@##.§.≈....§≈.... #
##..#o##.≈≈≈≈≈§≈§≈....
#..##..#)##.≈.....≈§..§..
#........##.≈.≈≈≈§§.≈...†
####........§.≈_.§≈§§.#.#
#..####.§≈§≈≈≈§§.§...#
#..####..≈.......≈..##
#....#>..≈§≈≈≈§≈≈≈..##
#................§....


You could see an orc wizard.

Vanquished Creatures
  2 adders
  A worm (D:3)
  4 orcs (D:3)
  6 ball pythons
  6 endoplasms
  A giant cockroach (D:2)
  7 goblins
  8 hobgoblins
  3 jackals (D:2)
  8 kobolds
  3 quokkas
  4 bats
  2 frilled lizards
  5 rats
60 creatures vanquished.

Vanquished Creatures (others)
  An orc wizard (D:3)
1 creature vanquished.

Grand Total: 61 creatures vanquished

Notes
Turn   | Place    | Note
-------+----------+-------------------------------------------
     0 | D:1      | sking99 the Draconian Fighter began the quest for the Orb.
     0 | D:1      | Reached XP level 1. HP: 19/19 MP: 1/1
    98 | D:1      | Found a faded altar of an unknown god.
   317 | D:1      | Reached XP level 2. HP: 26/26 MP: 2/2
  1586 | D:2      | Reached XP level 3. HP: 27/31 MP: 3/3
  1672 | D:2      | Found a white marble altar of Elyvilon.
  2329 | D:2      | Found Tuni Ypugygg's Magic Scroll Emporium.
  2600 | D:2      | Bought a scroll of identify for 24 gold pieces
  3023 | D:3      | Reached XP level 4. HP: 39/40 MP: 4/4
  3032 | D:3      | Found a bloodstained altar of Trog.
  3122 | D:3      | Found a blossoming altar of Fedhas.
  3194 | D:3      | Found a white marble altar of Elyvilon.
  3280 | D:3      | Became a worshipper of Trog the Wrathful
  3479 | D:3      | Reached skill level 4 in Fighting
  3653 | D:3      | Slain by an orc wizard

Illustrated notes

Levels and vault maps discovered:
D:1:      amcnicky_arrival_abandoned_market, layout_basic,
          basic_ecumenical_altar
D:2:      layout_basic, basic_altar, serial_shops,
          nicolae_shop_advertising_works [nicolae_subvault_shop_adworks],
          serial_rivers, chequers_serial_rivers_small_b,
          chequers_serial_rivers_large_b, chequers_serial_rivers_room_b,
          chequers_serial_rivers_marsh, chequers_serial_rivers_small_3,
          chequers_serial_rivers_micro_c, chequers_serial_rivers_small_3
D:3:      layout_loops_cross, trog_three_pillars_becter,
          mainiacjoe_overflow_catwalk_spiral, grunt_ministairs_12,
          uniq_crazy_yiuf_cottage

Skill      XL: |  1  2  3  4 |
---------------+-------------+-----
Long Blades    | 3 |  3.6
Fighting       | 4 |  4.0
Dodging        | |  2.6
Shields        | |  3.6

Action                   |  1- 3 |  4- 6 || total
-------------------------+-------+-------++-------
Melee: Long sword        |   150 |    40 ||   190
       Tailslap          |    21 |     6 ||    27
  Use: Scroll            |     4 |       ||     4
       Potion            |       |     1 ||     1
 Stab: Sleeping          |     2 |       ||     2
Armor: Skin              |    49 |    16 ||    65
Dodge: Dodged            |   117 |    17 ||   134
Block: Buckler           |    35 |     9 ||    44
